 Dungeon Crawl Stone Soup version 0.24.0-123-gd5b16e6ec5 (webtiles) character file.

Game seed: 6129466922201533156, levelgen mode: deterministic

4 vurker the Gusty (level 1, 0/7 HPs)
             Began as a Felid Air Elementalist on Feb 4, 2020.
             Slain by a gnoll
             ... wielding a cursed +0 club
              (2 damage)
             ... on level 1 of the Dungeon.
             The game lasted 00:00:24 (73 turns).

vurker the Gusty (Felid Air Elementalist)             Turns: 73, Time: 00:00:25

Health: 0/7        AC:  1    Str:  4    XL:     1   Next: 50%
Magic:  0/4        EV: 18    Int: 16    God:
Gold:   10         SH:  0    Dex: 16    Spells: 3/4 levels left
                                        Lives:  0   Deaths: 0

rFire    . . .     SeeInvis +   (weapon unavailable)
rCold    . . .     Gourm    .   (shield unavailable)
rNeg     . . .     Faith    .   (armour unavailable)
rPois    .         Spirit   .   (helmet unavailable)
rElec    .         Reflect  .   (cloak unavailable)
rCorr    .         Harm     .   (gloves unavailable)
MR       .....                  (boots unavailable)
Stlth    +++.......             (no amulet)
HPRegen  0.02/turn              (no ring)
MPRegen  0.09/turn              (no ring)

@: quick
A: very small, no armour, no weapons or thrown items, stealth, claws 1, fangs 3,
see invisible, carnivore, speed 1, shaggy fur 1, slow metabolism 1, sharp paws
a: no special abilities


You were on level 1 of the Dungeon.
You were not hungry.

You visited 1 branch of the dungeon, and saw 1 of its levels.

You collected 10 gold pieces.

Inventory:

Scrolls
 b - a scroll of remove curse {unknown}
Potions
 a - 2 potions of mutation {unknown}
Comestibles
 c - a chunk of flesh
 e - a ration


   Skills:
 + Level 0.2 Fighting
 - Level 2.6 Dodging
 - Level 2.6 Stealth
 * Level 2.0 Spellcasting
 * Level 1.1 Conjurations
 * Level 2.7 Air Magic


You had 3 spell levels left.
You knew the following spells:

 Your Spells              Type           Power        Failure   Level  Hunger
a - Shock                 Conj/Air       #...         10%         1    #......

Your spell library contained the following spells:

 Spells                   Type           Power        Failure   Level  Hunger
 Swiftness                Chrm/Air       #.......     19%         2    ###....
 Static Discharge         Conj/Air       #.......     28%         3    ###....
 Airstrike                Air            ##........   54%         4    #####..
 Lightning Bolt           Conj/Air       #.........   95%         5    ######.


Dungeon Overview and Level Annotations

Branches:
Dungeon (1/15)

Altars:


Innate Abilities, Weirdness & Mutations

You cannot wear armour.
You are incapable of wielding weapons or throwing items.
Your paws allow you to move quietly. (Stealth)
You have sharp claws.
You have razor-sharp teeth.
You have supernaturally acute eyesight. (SInv)
You are carnivorous and can eat meat at any time.
You cover ground quickly.
You are covered in fur. (AC +1)
You have a slow metabolism.
Your sharp claws are effective at attacking unaware monsters.


Message History

Aim: a giant cockroach (clinging)
You miscast Shock.
You are very lightly contaminated with residual magic.
There is a short, sharp shower of sparks.
A gnoll comes into view. It is wielding a +0 club.
There is an open door here.
Unknown command.
The giant cockroach is too close now for your liking.
Aim: a giant cockroach (clinging)
The zap hits the giant cockroach.
The giant cockroach misses you.
Aim: a giant cockroach (heavily wounded, clinging)
The zap hits the giant cockroach.
Your Conjurations skill increases to level 1!
You feel a bit more experienced.
The giant cockroach bites you but does no damage.
You closely miss the giant cockroach. The giant cockroach closely misses you.
The giant cockroach completely misses you.
You barely miss the giant cockroach. The giant cockroach barely misses you.
You closely miss the giant cockroach. The giant cockroach closely misses you.
You scratch the giant cockroach.
You kill the giant cockroach!
No target in view!
No target in view!
Your magical contamination has completely faded away.
Something unseen opens the door.
The gnoll is too close now for your liking.
Aim: a gnoll, wielding a +0 club (hasn't noticed you)
The zap hits the gnoll.
The gnoll shouts!
You don't have enough magic to cast that spell.
There is an open door here.
You see here a giant cockroach corpse.
You butcher the giant cockroach corpse.
There is an open door here.
You see here a chunk of flesh.
c - a chunk of flesh You see here a frilled lizard corpse.
The zap misses the gnoll. x2; The gnoll misses you.
You scratch the gnoll but do no damage. The gnoll barely misses you.
You closely miss the gnoll. The gnoll misses you.
You barely miss the gnoll. The gnoll barely misses you.
You completely miss the gnoll. The gnoll closely misses you.
You scratch the gnoll but do no damage.
The gnoll hits you with a cursed +0 club.
Ouch! That really hurt!
* * * LOW HITPOINT WARNING * * *
You don't have enough magic to cast that spell.
You barely miss the gnoll.
The gnoll hits you with a cursed +0 club.
You die...

. .. # ... .# #..
###.# +g.) #...
##....####.###
.....†.....@.#
##.....#####g#####
#...l.#.........#
#....s#.........#
##.##.#..⌠...⌠..#
#. #.#.........# #
#.'....<....+
#.#.........#
#.#..⌠...⌠..#


You could see a gnoll.

Vanquished Creatures
  A bat (D:1)
  A giant cockroach (D:1)
  A frilled lizard (D:1)
  A kobold (D:1)
4 creatures vanquished.

Notes
Turn   | Place    | Note
-------+----------+-------------------------------------------
     0 | D:1      | vurker the Felid Air Elementalist began the quest for the
                  | Orb.
     0 | D:1      | Reached XP level 1. HP: 7/7 MP: 4/4
    44 | D:1      | Reached skill level 1 in Conjurations
    73 | D:1      | Slain by a gnoll

Levels and vault maps discovered:
D:1:      mushboom_english_gardens, layout_basic, interstate_on_off

Skill      XL: |  1 |
---------------+----+-----
Conjurations   | 1 |  1.1
Fighting       | |  0.2
Dodging        | |  2.6
Stealth        | |  2.6
Spellcasting   | |  2.0
Air Magic      | |  2.7

Action                   || total
-------------------------++-------
Melee: Unarmed           ||    10
 Cast: Shock             ||     7
Armor: Skin              ||     1
Dodge: Dodged            ||    10
